 Dungeon Crawl Stone Soup version 0.29.0-10-g45618ea6d2 (webtiles) character file.

Game seed: 4787023033721890939

7 awesomegowd the Covered (level 1, 0/20 HPs)
             Began as a Minotaur Fighter on Sept 1, 2022.
             Frozen to death by an endoplasm (4 damage)
             ... on level 1 of the Dungeon.
             The game lasted 00:00:22 (75 turns).

awesomegowd the Covered (Minotaur Fighter)            Turns: 75, Time: 00:00:23

Health: 0/20       AC:  7    Str: 20    XL:     1   Next: 91%
Magic:  0/0        EV:  9    Int:  5    God:
Gold:   0          SH:  4    Dex:  9    Spells: 0/0 levels left

rFire   . . .      SeeInvis .   a - +0 war axe
rCold   . . .      Faith    .   c - +0 buckler
rNeg    . . .      Spirit   .   b - +0 scale mail
rPois   .          Reflect  .   (helmet restricted)
rElec   .          Harm     .   (no cloak)
rCorr   .          Rampage  .   (no gloves)
Will    .....                   (no boots)
Stlth   ..........              (no amulet)
HPRegen 0.06/turn               (no ring)
MPRegen 0.07/turn               (no ring)

@: no status effects
A: horns 2, retaliatory headbutt
a: no special abilities


You were on level 1 of the Dungeon.
You visited 1 branch of the dungeon, and saw 1 of its levels.

Inventory:

Hand Weapons
 a - a +0 war axe (weapon)
Missiles
 f - 2 stones (quivered)
 g - 4 boomerangs
Armour
 b - a +0 scale mail (worn)
 c - a +0 buckler (worn)
Scrolls
 e - a scroll of noise {unknown}
Potions
 d - a potion of might


   Skills:
 + Level 3.8 Fighting
 + Level 2.5 Axes
 + Level 3.9 Armour
 + Level 3.8 Shields


You couldn't memorise any spells.
You didn't know any spells.
Your spell library was empty.

Dungeon Overview and Level Annotations

Branches:
Dungeon (1/15)

Altars:


Innate Abilities, Weirdness & Mutations

You have a pair of horns on your head.
You reflexively headbutt those who attack you in melee.


Message History

You closely miss the ball python. You closely miss the jackal.
The ball python bites you. The ball python constricts you.
The jackal bites you but does no damage.
You escape the ball python's grasp.
The jackal completely misses you. The ball python bites you.
The ball python grabs you. The ball python constricts you.
The endoplasm hits you.
The jackal bites you but does no damage.
You see here a giant cockroach corpse.
You escape the ball python's grasp.
The ball python bites you but does no damage.
The ball python barely misses you.
The ball python attacks as you move away!
The ball python bites you but does no damage.
The ball python closely misses you.
The jackal bites you but does no damage.
The ball python attacks as you move away!
The ball python bites you but does no damage.
The ball python barely misses you. The endoplasm attacks as you move away!
The endoplasm barely misses you. You furiously retaliate!
You headbutt the endoplasm. You hit the ball python.
You kill the ball python!
You hit the jackal but do no damage. You hit the endoplasm but do no damage.
You block the jackal's attack.
The endoplasm hits you but does no damage.
The jackal barely misses you. You furiously retaliate!
You headbutt the jackal!
You kill the jackal!
You block the endoplasm's attack.
You see here a ball python corpse.
The endoplasm freezes you.
You are frozen.
* * * LOW HITPOINT WARNING * * *
The endoplasm hits you.
* * * LOW HITPOINT WARNING * * *
You see here a ball python corpse.
You hit the endoplasm.
The endoplasm is severely wounded.
The endoplasm freezes you.
You are frozen.
You die...

######### ........#
........#
........############# ###
....................#....
................†........
..............†.@........
.............)..J........
.........................
####...#.................
###....................
#..............(.......
#.)....................
#......................
#.....###.....


You could see an endoplasm.

Vanquished Creatures
  A ball python (D:1)
  A giant cockroach (D:1)
  3 jackals (D:1)
  A kobold (D:1)
6 creatures vanquished.

Notes
Turn   | Place    | Note
-------+----------+-------------------------------------------
     0 | D:1      | awesomegowd the Minotaur Fighter began the quest for the
                  | Orb.
     0 | D:1      | Reached XP level 1. HP: 19/19 MP: 0/0
    75 | D:1      | Frozen to death by an endoplasm

Illustrated notes

Levels and vault maps discovered:
D:1:      dpeg_arrival_yet_another_circle, layout_rooms, minmay_domino_2

Action                   || total
-------------------------++-------
Melee: War axe           ||     7
Armor: Scale mail        ||    12
Dodge: Dodged            ||     9
Block: Buckler           ||     7
